 Dungeon Crawl Stone Soup version 0.19-a0-1608-g4cf22de (webtiles) character file.

15 jacquesderrida the Charmwright (level 2, 3/15 HPs)
             Began as a Vine Stalker Skald on Sept 17, 2016.
             Quit the game on level 2 of the Dungeon.
             The game lasted 00:00:49 (199 turns).

jacquesderrida the Charmwright (Vine Stalker Skald)  Turns: 199, Time: 00:00:50

Health: 3/15       AC:  3    Str: 14    XL:     2   Next: 50%
Magic:  5/6        EV: 11    Int: 12    God:
Gold:   2          SH:  0    Dex: 13    Spells: 1 memorised, 4 levels left

rFire  . . .     SeeInvis .     a - +0 falchion
rCold  . . .     Gourm    .     b - +0 leather armour
rNeg   . . .     Faith    .     (no shield)
rPois  .         Spirit   +     (no helmet)
rElec  .         Dismiss  .     (no cloak)
rCorr  .         Reflect  .     (no gloves)
MR     .....     Harm     .     (no boots)
Stlth  +.........               (no amulet)
                                (no ring)
                                (no ring)

@: lethally poisoned (3 -> -4)
A: fangs 2, magic shield, antimagic bite, no device heal 3, rot immunity
a: no special abilities


You were on level 2 of the Dungeon.
You were not hungry.

You visited 1 branch of the dungeon, and saw 2 of its levels.

You collected 2 gold pieces.

Inventory:

Hand Weapons
 a - a +0 falchion (weapon)
Armour
 b - a +0 leather armour (worn)
Books
 c - a book of Battle

   Spells                             Type                      Level
   a - Infusion                       Charms                       1
   b - Shroud of Golubria             Charms/Translocation         2
   c - Song of Slaying                Charms                       2
   d - Spectral Weapon                Hexes/Charms                 3
   e - Regeneration                   Charms/Necromancy            3
Comestibles
 d - a bread ration
 f - a chunk of flesh


   Skills:
 - Level 1.7 Fighting
 + Level 2.7 Long Blades
 - Level 0.7 Armour
 - Level 0.7 Dodging
 - Level 2.1 Spellcasting
 - Level 3.0 Charms


You had 4 spell levels left.
You knew the following spells:

 Your Spells              Type           Power        Failure   Level  Hunger
a - Infusion              Chrm           #...         12%         1    ##.....


Dungeon Overview and Level Annotations

Branches:
Dungeon (2/15)

Altars:


Innate Abilities, Weirdness & Mutations

You have extremely sharp teeth.
When hurt, damage is shared between your health and your magic reserves.
Your bite disrupts and absorbs the magic of your enemies.
Potions and wands cannot restore your health.
You are immune to rotting.


Message History

A giant cockroach comes into view.
The adder hisses angrily.
You see here a robe.
A frilled lizard comes into view.
The frilled lizard hisses angrily.
The adder bites you.
You miss the adder. The adder bites you but does no damage.
You closely miss the adder. Your bite misses the adder. The adder bites you.
You are lethally poisoned!
The adder poisons you! The adder misses you.
You riposte.
You barely miss the adder. Your bite misses the adder.
Unknown command.
* * * LOW HITPOINT WARNING * * *
You feel sick.
You see here a robe.
* * * LOW HITPOINT WARNING * * *
You feel sick.
The giant cockroach bites you but does no damage.
There is a stone staircase leading up here.
Are you sure you want to abandon this character and quit the game? (Confirm with "yes".)

.. # .#. #. ...
#.##.. ....## #
#...# #.# #..#...#
#..######l....###
#.....@S[........
##.....s.......##
#...............#
....########.....#
### ...... #..##.
#... ...


You could see an adder, a giant cockroach and a frilled lizard.

Vanquished Creatures
  A dart slug (D:1)
  A bat (D:1)
  2 goblins (D:1)
  2 hobgoblins (D:1)
  A frilled lizard (D:1)
  5 kobolds (D:1)
  A rat (D:1)
13 creatures vanquished.

Notes
Turn   | Place    | Note
-------+----------+-------------------------------------------
     0 | D:1      | jacquesderrida the Vine Stalker Skald began the quest for the Orb.
     0 | D:1      | Reached XP level 1. HP: 11/11 MP: 4/4
   134 | D:1      | Reached XP level 2. HP: 11/15 MP: 1/6
   199 | D:2      | Quit the game

Vault maps used:
D:1:      kilobyte_arrival_exit_the_forest, serial_aquarium,
          aquarium_bridge_square, aquarium_bridge_long_joined,
          aquarium_window_fake, aquarium_window_fake, aquarium_window_corner,
          aquarium_view_2c, aquarium_view_2a, aquarium_pool_corner,
          minmay_misc_feat_encased, st_stairs_6, serial_park_tiny_1
D:2:      first_bread

Skill      XL: |  1 |
---------------+----+-----
Long Blades    | 2 |  2.7
Fighting       | |  1.7
Armour         | |  0.7
Dodging        | |  0.7
Spellcasting   | |  2.1
Charms         | |  3.0

Action                   || total
-------------------------++-------
Melee: Falchion          ||    40
       Bite              ||    11
Armor: Leather armour    ||    15
Dodge: Dodged            ||    27
